 Dungeon Crawl Stone Soup version 0.18.1-5-g4a78601 (webtiles) character file.

84 tyrsky the Digger (level 4, -2/24 HPs)
             Began as a Gargoyle Earth Elementalist on May 14, 2016.
             Killed by nerve-wracking pain
             ... invoked by an orc priest
              (8 damage)
             ... on level 4 of the Dungeon.
             The game lasted 00:04:00 (1193 turns).

tyrsky the Digger (Gargoyle Earth Elementalist)     Turns: 1193, Time: 00:04:01

Health: -2/24      AC:  5    Str: 12    XL:     4   Next: 46%
Magic:  0/9        EV: 12    Int: 16    God:
Gold:   73         SH:  0    Dex: 10    Spells: 2 memorised, 5 levels left

rFire  . . .     SeeInvis .     j - +2 dagger (drain)
rCold  . . .     Gourm    .     a - +0 robe
rNeg   + . .     Faith    .     (no shield)
rPois  ∞         Spirit   .     (no helmet)
rElec  +         Dismiss  .     (no cloak)
rCorr  .         Reflect  .     (no gloves)
SustAt .         Harm     .     (no boots)
MR     .....                    (no amulet)
Stlth  ++........               (no ring)
                                (no ring)

@: very slightly contaminated, not resistant to hostile enchantments, unstealthy
A: negative energy resistance 1, electricity resistance, unbreathing,
petrification resistance, rot immunity, AC +3
a: no special abilities


You were on level 4 of the Dungeon.
You were not hungry.

You visited 1 branch of the dungeon, and saw 4 of its levels.

You collected 73 gold pieces.

Inventory:

Hand Weapons
 f - a +0 dagger
 j - a +2 dagger of draining (weapon)
Missiles
 b - 83 stones (quivered)
Armour
 a - a +0 robe (worn)
Jewellery
 r - an uncursed ring of protection from magic {unknown}
Scrolls
 h - a scroll of fear {unknown}
 i - 2 scrolls of teleportation {unknown}
 k - a scroll of magic mapping {unknown}
 m - a scroll of enchant weapon {unknown}
 p - 3 scrolls of identify {unknown}
 t - a scroll of amnesia {unknown}
Potions
 e - a potion of magic {unknown}
 n - a potion of ambrosia {unknown}
 q - 2 potions of heal wounds {unknown}
 s - a potion of flight {unknown}
Books
 c - a book of Geomancy

   Spells                             Type                      Level
   a - Sandblast                      Earth                        1
   b - Passwall                       Transmutation/Earth          2
   c - Stone Arrow                    Conjuration/Earth            3
   d - Petrify                        Transmutation/Earth          4
   e - Lee's Rapid Deconstruction     Earth                        5
Comestibles
 d - 4 bread rations
 g - a royal jelly
 l - a meat ration


   Skills:
 - Level 1.5 Dodging
 - Level 2.1 Stealth
 * Level 3.4 Spellcasting
 + Level 0.2 Conjurations
   Level 0.7 Transmutations
 + Level 4.7 Earth Magic


You had 5 spell levels left.
You knew the following spells:

 Your Spells              Type           Power        Failure   Level  Hunger
a - Sandblast             Erth           ###...       2%          1    None
b - Stone Arrow           Conj/Erth      ##....       21%         3    ###....


Dungeon Overview and Level Annotations

Branches:
Dungeon (4/15)
 Temple: D:4-7

Altars:

Annotations:
D:2 Natasha


Innate Abilities, Weirdness & Mutations

You are resistant to torment.
Your stone body is resilient (AC +3).
You are immune to poison.
You resist negative energy.
You are resistant to electric shocks.
You can survive without breathing.
You are immune to petrification.
You are immune to rotting.


Message History

Aiming: Sandblast
Press: ? - help, Shift-Dir - straight line, f/p - orc priest
Aim: an orc priest, wielding a mace (lightly wounded)
The blast of sand hits the orc priest.
The orc priest is moderately wounded.
The orc hits you but does no damage. The orc priest hits you with a mace!
* * * LOW HITPOINT WARNING * * *
You closely miss the orc priest.
The orc priest is moderately wounded.
The orc hits you but does no damage.
Casting: Sandblast
Confirm with . or Enter, or press ? or * to list all spells.
Aiming: Sandblast
Press: ? - help, Shift-Dir - straight line, f/p - orc priest
Aim: an orc priest, wielding a mace (moderately wounded)
The blast of sand hits the orc priest.
The orc priest is almost dead.
The orc priest mumbles some strange prayers to Beogh against you.
Pain shoots through your body!
You die...

#.........)# #.........o#
#.........o# #.......##o#
#.......##o#
#########.......##.#
#...............##.#
#................#.#
................9#.#
..........).....ooo#
..............###..#
.........####......#
.........# #......#
.........# #......######
#........# ##...........#
#........# #............#
######'#####.##...>.....#


You could see an orc priest and 2 orcs.

Vanquished Creatures
  A hound (D:4)
  2 oozes (D:1)
  A worm (D:2)
  A dart slug (D:1)
  2 giant geckos
  2 orcs (D:4)
  A giant cockroach (D:4)
  6 goblins (D:1)
  A hobgoblin (D:2)
  A quokka (D:4)
  5 bats
  3 giant newts
  4 kobolds
  5 rats (D:1)
35 creatures vanquished.

Notes
Turn   | Place    | Note
--------------------------------------------------------------
     0 | D:1      | tyrsky the Gargoyle Earth Elementalist began the quest for the Orb.
     0 | D:1      | Reached XP level 1. HP: 10/10 MP: 3/3
    56 | D:1      | Reached XP level 2. HP: 15/15 MP: 0/5
   197 | D:1      | Reached skill level 4 in Earth Magic
   494 | D:1      | Reached XP level 3. HP: 17/19 MP: 4/7
   722 | D:2      | Noticed Natasha
   930 | D:4      | Reached XP level 4. HP: 12/24 MP: 0/9
  1124 | D:4      | Learned a level 3 spell: Stone Arrow
  1193 | D:4      | Killed from afar by an orc priest

Skill      XL: |  1  2  3 |
---------------+----------+-----
Earth Magic    | 4 |  4.7
Spellcasting   | 3 |  3.4
Dodging        | |  1.5
Stealth        | |  2.1
Conjurations   | |  0.2
Transmutations | |  0.7

Action                   |  1- 3 |  4- 6 || total
-------------------------+-------+-------++-------
Melee: Dagger            |    19 |     5 ||    24
 Cast: Sandblast         |    62 |    18 ||    80
  Eat: Chunk             |       |     1 ||     1
Armor: Robe              |    17 |     9 ||    26
Dodge: Dodged            |    42 |     9 ||    51
